 Dungeon Crawl Stone Soup version 0.20-a0-991-g93344ec (webtiles) character file.

259 MudBrick2 the Charmwright (level 6, -2/48 HPs)
             Began as a Barachi Skald on Apr 11, 2017.
             Slain by Grinder (4 damage)
             ... on level 3 of the Dungeon.
             The game lasted 00:37:03 (4987 turns).

MudBrick2 the Charmwright (Barachi Skald)           Turns: 4987, Time: 00:37:04

Health: -2/48      AC:  8    Str: 12 (14) XL:     6   Next: 17%
Magic:  3/10       EV: 10    Int: 12 (14) God:
Gold:   183        SH:  0    Dex:  4 (11) Spells: 7/10 levels left

rFire    . . .     SeeInvis .   a - +0 hand axe
rCold    + . .     Gourm    .   (no shield)
rNeg     . . .     Faith    .   f - +0 ring mail
rPois    .         Spirit   .   e - +0 helmet (curse)
rElec    .         Reflect  .   s - +0 cloak
rCorr    .         Harm     .   (no gloves)
MR       .....                  (no boots)
Stlth    ..........             (no amulet)
Regen    0.2/turn               u - ring of protection from cold
MPRegen  0.2/turn               (no ring)

@: slow
A: +LOS, swims, deterioration 1, screaming 1, slowness 1, strong legs 1
a: Hop


You were on level 3 of the Dungeon.
You were not hungry.

You visited 1 branch of the dungeon, and saw 4 of its levels.

You collected 183 gold pieces.

Inventory:

Hand Weapons
 a - a +0 hand axe (weapon)
Armour
 b - a +0 leather armour
 e - a cursed +0 helmet (worn)
 f - a +0 ring mail (worn)
 l - a +0 helmet
 s - a +0 cloak (worn)
Jewellery
 u - a ring of protection from cold (left hand)
Scrolls
 j - a scroll of remove curse
 m - 6 scrolls of teleportation
Potions
 k - 2 potions of brilliance
 n - 2 potions of cancellation
 o - a potion of ambrosia
 p - a potion of flight
 t - a potion of lignification
Books
 c - a book of Battle

   Spells                             Type                      Level
   a - Infusion                       Charms                       1
   b - Shroud of Golubria             Charms/Translocation         2
   c - Song of Slaying                Charms                       2
   d - Spectral Weapon                Hexes/Charms                 3
   e - Regeneration                   Charms/Necromancy            3


   Skills:
 * Level 3.7 Fighting
 * Level 3.4 Axes
 * Level 3.6 Armour
 + Level 2.9 Dodging
 + Level 2.9 Spellcasting
 + Level 4.3 Charms


You had 7 spell levels left.
You knew the following spells:

 Your Spells              Type           Power        Failure   Level  Hunger
a - Infusion              Chrm           ##..         10%         1    #......
b - Shroud of Golubria    Chrm/Tloc      #.........   38%         2    ###....


Dungeon Overview and Level Annotations

Branches:
Dungeon (4/15)
 Temple: D:4-7

Altars:

Annotations:
D:3 Bean's ghost, amateur TrMo; Grinder
D:4 Rrauwl's ghost, novice SpWr


Innate Abilities, Weirdness & Mutations

Shadows flee at your approach. (+LOS)
You can swim through water.
You cover ground slowly.
You can hop short distances.
Your body sometimes deteriorates upon taking damage.
You occasionally shout uncontrollably at your foes.


Message History

You hit Bean's ghost but do no damage.
Bean's ghost is heavily damaged.
Bean's ghost barely misses you.
You closely miss Bean's ghost.
Bean's ghost is heavily damaged.
Bean's ghost hits you but does no damage.
You barely miss Bean's ghost.
Bean's ghost is heavily damaged.
Bean's ghost hits you but does no damage.
You barely miss Bean's ghost.
Bean's ghost is heavily damaged.
You closely miss Grinder. Bean's ghost hits you!
* * * LOW HITPOINT WARNING * * *
Grinder barely misses you.
You closely miss Bean's ghost.
Bean's ghost is heavily damaged.
You hit Grinder but do no damage. Bean's ghost hits you!
* * * LOW HITPOINT WARNING * * *
Grinder hits you.
You die...

#########
.......#############
......#.#.#.#.#.#.#
......#.#.#.#.#.#.
#.##.#.#.#.#.#.#.#
#.#.#.#.#.#.....#.
#@W#.#.#.#.......#
##5#.#.#.#.#.....#
#.....#.#.#.#.#.#
#####....#.#.#.#.#)#
............#.#.#.#.#.#
#######....#.#.#.#.#.#.#.
#..^..#.#.#.#.#.#.#
####.#>#.#.#.#.#.#.
##.#.#.#.#.#.#.#


You could see Grinder and Bean's ghost.

Vanquished Creatures
  Jessica (D:3)
  Natasha (thrice) (D:2)
  Robin (D:2)
  6 adders
  An ooze (D:2)
  2 worms (D:2)
  3 dart slugs
  A leopard gecko (D:1)
  An orc (D:3)
  A ball python (D:1)
  5 giant cockroaches
  13 goblins
  8 hobgoblins
  3 jackals (D:1)
  2 quokkas
  7 bats
  5 frilled lizards
  5 kobolds
  12 rats
80 creatures vanquished.

Notes
Turn   | Place    | Note
-------+----------+-------------------------------------------
     0 | D:1      | MudBrick2 the Barachi Skald began the quest for the Orb.
     0 | D:1      | Reached XP level 1. HP: 17/17 MP: 3/3
    56 | D:1      | Reached XP level 2. HP: 13/23 MP: 5/5
  1060 | D:2      | Reached XP level 3. HP: 20/28 MP: 6/6
  1070 | D:2      | Noticed Robin
  1289 | D:2      | Killed Robin
  1373 | D:2      | Reached XP level 4. HP: 29/34 MP: 7/7
  1761 | D:2      | Reached skill level 4 in Charms
  2015 | D:2      | Noticed Natasha
  2033 | D:2      | Killed Natasha
  2033 | D:2      | Reached XP level 5. HP: 21/41 MP: 5/9
  2033 | D:2      | Noticed Natasha
  2037 | D:2      | Gained mutation: Armour fits poorly on your strangely shaped body. [potion of mutation]
  2037 | D:2      | Gained mutation: Your body sometimes deteriorates upon taking damage. [potion of mutation]
  2037 | D:2      | Gained mutation: You possess an exceptional clarity of mind. [potion of mutation]
  2037 | D:2      | Gained mutation: You evolve. [potion of mutation]
  2046 | D:2      | Killed Natasha
  2104 | D:2      | Noticed Natasha
  2120 | D:2      | Killed Natasha
  2468 | D:3      | Noticed Jessica
  2496 | D:3      | Killed Jessica
  2496 | D:3      | Reached XP level 6. HP: 44/48 MP: 8/10
  2590 | D:3      | Noticed Bean's ghost (amateur TrMo)
  2863 | D:2      | Learned a level 2 spell: Shroud of Golubria
  3329 | D:4      | Noticed Rrauwl's ghost (novice SpWr)
  3372 | D:3      | Noticed Grinder
  3372 | D:3      | Paralysed by Grinder for 6 turns
  3673 | D:2      | Lost mutation: You evolve. [potion of mutation]
  3673 | D:2      | Lost mutation: You possess an exceptional clarity of mind. [potion of mutation]
  3673 | D:2      | Lost mutation: Your body sometimes deteriorates upon taking damage. [potion of mutation]
  3673 | D:2      | Gained mutation: You are surrounded by a mild repulsion field. (EV +2) [potion of mutation]
  3673 | D:2      | Gained mutation: You have sharp toenails. [potion of mutation]
  3674 | D:2      | Lost mutation: Armour fits poorly on your strangely shaped body. [potion of mutation]
  3674 | D:2      | Lost mutation: You are surrounded by a mild repulsion field. (EV +2) [potion of mutation]
  3674 | D:2      | Lost mutation: You have sharp toenails. [potion of mutation]
  3674 | D:2      | Gained mutation: You are clumsy. (Dex -2) [potion of mutation]
  3674 | D:2      | Gained mutation: Your body sometimes deteriorates upon taking damage. [potion of mutation]
  3674 | D:2      | Gained mutation: You occasionally shout uncontrollably at your foes. [potion of mutation]
  3674 | D:2      | Lost mutation: You are clumsy. (Dex -2) [potion of mutation]
  4409 | D:3      | HP: 2/48 [Bean's ghost (9)]
  4987 | D:3      | HP: 2/48 [Bean's ghost (13)]
  4987 | D:3      | Slain by Grinder

Vault maps used:
D:1:      minmay_arrival_doors
D:2:      minmay_misc_feat_columns, st_stairs_14, grunt_ministairs_8,
          uniq_natasha, uniq_robin
D:3:      uniq_jessica, uniq_grinder
D:4:      minmay_temple_entry_trees, first_bread, serial_shops, shop,
          nicolae_zen_rock_garden, minmay_rat_hole

Skill      XL: |  1  2  3  4  5 |
---------------+----------------+-----
Armour         | 2 3 |  3.6
Charms         | 4 |  4.3
Fighting       | 3 |  3.7
Axes           | 3 |  3.4
Dodging        | |  2.9
Spellcasting   | |  2.9

Action                   |  1- 3 |  4- 6 || total
-------------------------+-------+-------++-------
Melee: Hand axe          |   101 |   279 ||   380
 Cast: Infusion          |     4 |    15 ||    19
       Shroud of Golubri |       |     9 ||     9
 Abil: Hop               |       |     2 ||     2
  Use: Scroll            |     5 |     7 ||    12
       Potion            |       |     8 ||     8
  Eat: Chunk             |     2 |     6 ||     8
       Bread ration      |       |     2 ||     2
Armor: Leather armour    |     6 |       ||     6
       Ring mail         |    58 |   118 ||   176
Dodge: Dodged            |   109 |   219 ||   328
